[Event "Titled Tuesday Blitz March 22 Early 2022"]
[White "Karas, Marek"]
[Black "Andreikin, Dmitry"]
[WhiteFideId "14928558"]
[BlackFideId "4158814"]
[WhiteElo "2271"]
[BlackElo "2736"]
[Result "0-1"]
[Round "01"]
[TimeControl "180+1"]
[Date "2022.03.22"]
[WhiteClock "0:00:11"]
[BlackClock "0:01:20"]

1. d4 d5 2. Nf3 Nf6 3. c4 e6 4. Nc3 Nbd7 5. cxd5 exd5 6. Bg5 c6 7. e3 h6 8. Bh4 g5 9. Bg3 Nh5 10. Bd3 Nxg3 11. hxg3 Bg7 12. Qc2 Qe7 13. O-O-O Nb6 14. Rhe1 Be6 15. Bf5 O-O 16. Bxe6 fxe6 17. e4 Qf7 18. Re2 Rac8 19. Kb1 Nc4 20. Rde1 Rfe8 21. Qd3 b5 22. b3 Na3+ 23. Kb2 b4 24. Na4 c5 25. exd5 c4 26. bxc4 Nxc4+ 27. Kb1 exd5 28. g4 Re4 29. Rxe4 dxe4 30. Qxe4 Na3+ 31. Ka1 Nc2+ 32. Kb1 Nxe1 33. Qxe1 b3 34. axb3 Qxb3+ 35. Nb2 Qc2+ 36. Ka2 Rb8 37. Qb1 Qxf2 38. Qc1 Kh8 39. Ne5 Qxd4 0-1


[Site "https://www.chess.com"]

[Event "Titled Tuesday Blitz March 22 Early 2022"]
[White "Kashefi, Amir Hosein"]
[Black "Samunenkov, Ihor"]
[WhiteFideId "12557935"]
[BlackFideId "14187086"]
[WhiteElo "2107"]
[BlackElo "2409"]
[Result "0-1"]
[Round "01"]
[TimeControl "180+1"]
[Date "2022.03.22"]
[WhiteClock "0:00:01"]
[BlackClock "0:01:09"]

1. Nf3 c5 2. g3 Nc6 3. Bg2 e5 4. d3 g6 5. c4 Bg7 6. Nc3 Nge7 7. O-O O-O 8. Rb1 d6 9. a3 a5 10. h4 h6 11. Bd2 Be6 12. Ne1 d5 13. cxd5 Nxd5 14. Qc1 Nd4 15. Bxd5 Bxd5 16. Bxh6 Bc6 17. Bxg7 Kxg7 18. Qe3 f6 19. Qd2 Qd7 20. Ne4 b6 21. e3 Nf5 22. Nf3 Rad8 23. Qe2 Qxd3 24. Qxd3 Rxd3 25. Ned2 e4 0-1


[Site "https://www.chess.com"]

[Event "Titled Tuesday Blitz March 22 Early 2022"]
[White "Kett, Tim"]
[Black "Tasev, Dejan"]
[WhiteFideId "1801210"]
[BlackFideId "936618"]
[WhiteElo "2098"]
[BlackElo "2253"]
[Result "0-1"]
[Round "01"]
[TimeControl "180+1"]
[Date "2022.03.22"]
[WhiteClock "0:00:02"]
[BlackClock "0:00:17"]

1. e4 e5 2. f4 exf4 3. Nf3 d6 4. d4 g5 5. Nc3 Bg7 6. g3 g4 7. Nh4 f3 8. Be3 Nc6 9. Qd2 Nge7 10. O-O-O h6 11. h3 h5 12. hxg4 hxg4 13. Bc4 a6 14. Nd5 b5 15. Bb3 a5 16. a4 bxa4 17. Bxa4 Bd7 18. Nf5 Nxf5 19. exf5 Nb4 20. Rxh8+ Bxh8 21. Rh1 Bg7 22. f6 Bxf6 23. Bg5 Nxd5 24. Qe1+ Kf8 25. Bxf6 Qxf6 26. Bxd7 Rd8 27. Bc6 Ne7 28. Ba4 Ng6 29. Qe3 c5 30. Qh6+ Qg7 31. Qg5 f6 32. Qd5 cxd4 33. Re1 Ne5 34. Qxd4 Qg5+ 35. Kb1 Kg7 36. Bb3 f2 37. Rf1 Qf5 38. Rxf2 Nf3 39. Qa7+ Kg6 40. Qf7+ Kg5 41. Qg7+ Qg6 42. Qe7 Re8 43. Qxd6 Re1+ 44. Ka2 Qe4 0-1


[Site "https://www.chess.com"]

[Event "Titled Tuesday Blitz March 22 Early 2022"]
[White "Khamzin, Olzhas"]
[Black "Baker, Chris W"]
[WhiteFideId "13701690"]
[BlackFideId "401676"]
[WhiteElo "2194"]
[BlackElo "2278"]
[Result "0-1"]
[Round "01"]
[TimeControl "180+1"]
[Date "2022.03.22"]
[WhiteClock "0:01:12"]
[BlackClock "0:00:46"]

1. d4 e6 2. Nc3 f5 3. g3 Nf6 4. Bg2 d5 5. Bg5 Nbd7 6. h4 h6 7. Bf4 c6 8. e3 Be7 9. h5 O-O 10. Nf3 Ne4 11. Nxe4 fxe4 12. Ne5 Nxe5 13. Bxe5 Bf6 14. Bf4 Qe7 15. Qd2 e5 16. dxe5 Bxe5 17. O-O-O Bf6 18. Kb1 Bg4 19. Rc1 b5 20. Qa5 Qd8 21. Qa6 Qb6 22. Qxb6 axb6 23. Bh3 Bf3 24. Rh2 Ra4 25. a3 Rfa8 26. c3 Kf7 27. Bf5 c5 28. Bg6+ Ke6 29. Rc2 Bd1 30. Rd2 Bb3 31. g4 b4 32. Bf5+ Ke7 33. cxb4 cxb4 34. Rh1 bxa3 35. Rc1 axb2 36. Rc7+ Kf8 37. Bd6+ Kg8 38. Be6+ Kh8 39. Rxb2 Ra1# 0-1


[Site "https://www.chess.com"]

[Event "Titled Tuesday Blitz March 22 Early 2022"]
[White "Khripachenko, Alexander"]
[Black "Ciolacu, Alessia-Mihaela"]
[WhiteFideId "54184975"]
[BlackFideId "1252640"]
[WhiteElo "2177"]
[BlackElo "1777"]
[Result "0-1"]
[Round "01"]
[TimeControl "180+1"]
[Date "2022.03.22"]
[WhiteClock "0:00:57"]
[BlackClock "0:00:41"]

1. e4 e5 2. Nf3 Nc6 3. Nc3 Bb4 4. Nd5 Bc5 5. Nxe5 Nxe5 6. d3 Nc6 7. c3 Nf6 8. d4 Be7 9. Nxf6+ Bxf6 10. e5 Be7 11. Qg4 g6 12. f4 d6 13. Qf3 dxe5 14. fxe5 Be6 15. Bd3 Bd5 16. Qf4 Bh4+ 17. Ke2 Bxg2 18. Rg1 Bd5 19. Be3 g5 20. Qf5 h6 21. c4 Be6 22. Qe4 Ne7 23. Raf1 c6 24. Rf6 Qd7 25. Kd2 O-O-O 26. Kc3 Bd5 27. cxd5 Nxd5+ 28. Kc2 Nxf6 29. exf6 Rhe8 30. Qf3 Qd5 31. Qxd5 Rxd5 32. Kd2 h5 33. Rf1 g4 34. Bc4 Rd7 35. Kd3 b5 36. Bb3 c5 37. Bc2 Rd6 38. Rf5 c4+ 39. Kd2 a6 40. a4 Rxf6 41. Rxh5 Be1+ 42. Kxe1 Rxe3+ 43. Kd2 Rh3 44. Rc5+ Kb7 45. axb5 Rxh2+ 46. Kc1 Rf1+ 47. Bd1 Rhh1 0-1


[Site "https://www.chess.com"]

[Event "Titled Tuesday Blitz March 22 Early 2022"]
[White "Kobalia, Mikhail"]
[Black "Aydin, Gulenay"]
[WhiteFideId "4119150"]
[BlackFideId "34557431"]
[WhiteElo "2667"]
[BlackElo "1429"]
[Result "1-0"]
[Round "01"]
[TimeControl "180+1"]
[Date "2022.03.22"]
[WhiteClock "0:00:11"]
[BlackClock "0:00:04"]

1. e4 c5 2. Nf3 d6 3. d4 cxd4 4. Nxd4 Nf6 5. Nc3 g6 6. Be3 Bg7 7. f3 a6 8. Qd2 h5 9. O-O-O b5 10. Kb1 Bb7 11. Bg5 Nbd7 12. h4 Rc8 13. Be2 Ne5 14. Rhg1 Nc4 15. Bxc4 Rxc4 16. Qe3 Nd7 17. Nd5 Bxd5 18. exd5 Ne5 19. b3 Rc7 20. f4 Ng4 21. Qd2 Qc8 22. f5 gxf5 23. Nc6 Rxc6 24. dxc6 Qxc6 25. Rge1 Be5 26. Bf4 Kf8 27. Bxe5 Nxe5 28. Qg5 Rg8 29. Qxf5 Rxg2 30. Rg1 Ng4 31. Rxg2 Qxg2 32. Qxh5 Ke8 33. Qf5 Kf8 34. h5 Ne3 35. Qc8+ Kg7 36. Re1 Nd5 37. h6+ Kh7 38. Qf8 Qg6 39. Rf1 f6 40. Kb2 Ne3 41. Qxe7+ Kxh6 42. Qxe3+ Kh7 43. Rh1+ Kg8 44. Rg1 1-0


[Site "https://www.chess.com"]

[Event "Titled Tuesday Blitz March 22 Early 2022"]
[White "Koellner, Ruben Gideon"]
[Black "Petrosyan, Manuel"]
[WhiteFideId "12993093"]
[BlackFideId "13300857"]
[WhiteElo "2472"]
[BlackElo "2592"]
[Result "1/2-1/2"]
[Round "01"]
[TimeControl "180+1"]
[Date "2022.03.22"]
[WhiteClock "0:01:05"]
[BlackClock "0:00:11"]

1. d4 Nf6 2. Bg5 d5 3. e3 e6 4. Nd2 c5 5. c3 Nc6 6. Ngf3 Bd6 7. Bd3 h6 8. Bh4 O-O 9. O-O b6 10. Qe2 Be7 11. Bg3 Bb7 12. Rad1 Nh5 13. Be5 Nxe5 14. Nxe5 Nf6 15. f4 Qc7 16. Qf3 a5 17. g4 Nd7 18. g5 Nxe5 19. dxe5 g6 20. gxh6 a4 21. a3 Kh7 22. Qh3 Rad8 23. Nf3 d4 24. exd4 Bxf3 25. Qxf3 cxd4 26. c4 Kxh6 27. h4 Rh8 28. Kg2 Kg7 29. Rh1 Rh5 30. Rh3 Rdh8 31. Rdh1 Rxh4 32. Rxh4 Rxh4 33. Rxh4 Bxh4 34. Qa8 Qd7 35. Kf3 Be1 36. Ke2 Ba5 37. Qh1 Qe7 38. Be4 Qc5 39. Bd3 Qc7 40. Qh4 Qb7 41. Qf6+ Kg8 42. Qd8+ Kh7 43. Qh4+ Kg7 44. Qf6+ Kg8 45. Qd8+ Kh7 46. Qxd4 Qg2+ 47. Qf2 Qxf2+ 48. Kxf2 Bd2 49. Kf3 Bc1 50. Bc2 Bxb2 51. Bxa4 Bxa3 52. Ke4 Kg7 53. Be8 Kf8 54. Bb5 Bc5 55. Bc6 Ke7 56. Bb5 Ba3 57. Bc6 Kf8 58. Bb5 Kg7 59. Bc6 Bc5 60. Be8 Be7 61. Bb5 Ba3 62. Be8 Bc1 63. Bb5 g5 64. fxg5 Bxg5 65. Be8 Bc1 66. Bb5 Bb2 67. Bc6 Kf8 68. Bb5 Ke7 69. Bc6 Kd8 70. Bb5 Ba3 71. Bc6 Bf8 72. Bb5 Bg7 73. Bc6 Ke7 74. Bb5 1/2-1/2


[Site "https://www.chess.com"]

[Event "Titled Tuesday Blitz March 22 Early 2022"]
[White "Kornyukov, Alexey"]
[Black "Myshakov, Fyodor"]
[WhiteFideId "4150457"]
[BlackFideId "14111284"]
[WhiteElo "2303"]
[BlackElo "2310"]
[Result "0-1"]
[Round "01"]
[TimeControl "180+1"]
[Date "2022.03.22"]
[WhiteClock "0:01:44"]
[BlackClock "0:01:56"]

1. e4 c6 2. d4 d5 3. f3 e6 4. Nc3 Bb4 5. Be3 dxe4 6. fxe4 Qh4+ 7. g3 Qxe4 8. Qf3 Qxf3 9. Nxf3 Nf6 10. Bd3 Nd5 11. Bd2 Nd7 12. Nxd5 Bxd2+ 13. Kxd2 cxd5 14. c4 dxc4 15. Bxc4 Nb6 16. Bb3 Bd7 17. Rae1 O-O-O 18. Rc1+ Bc6 19. Ne5 Rxd4+ 20. Kc3 Rhd8 21. Nxc6 bxc6 22. Rhf1 Rd3+ 23. Kc2 R3d7 24. Kb1 Kb7 25. Bd1 f6 26. Bf3 Nd5 27. Bxd5 cxd5 28. Rce1 e5 29. Rd1 d4 30. Kc2 Rc8+ 31. Kd3 Rdc7 32. Ke4 Rc2 0-1


[Site "https://www.chess.com"]

[Event "Titled Tuesday Blitz March 22 Early 2022"]
[White "Kotepalli, Sai Nirupama"]
[Black "Daneshvar, Bardiya"]
[WhiteFideId "5039444"]
[BlackFideId "12576468"]
[WhiteElo "2429"]
[BlackElo "2295"]
[Result "0-1"]
[Round "01"]
[TimeControl "180+1"]
[Date "2022.03.22"]
[WhiteClock "0:00:07"]
[BlackClock "0:01:37"]

1. e4 Nf6 2. d3 e5 3. Nf3 Nc6 4. g3 Bc5 5. Bg2 d6 6. O-O O-O 7. Qe2 Nd4 8. Nxd4 Bxd4 9. c3 Bb6 10. Nd2 Bg4 11. Qe1 Nd7 12. Nc4 Nc5 13. d4 Nd3 14. Qd2 Nxc1 15. Raxc1 Be6 16. Nxb6 axb6 17. d5 Bd7 18. a3 Qe7 19. f4 exf4 20. Rxf4 Qe5 21. Rcf1 f6 22. Qf2 Ra4 23. Qc2 b5 24. R1f2 Re8 25. h3 Rf8 26. h4 Re8 27. Kh2 Re7 28. Qd3 Kf8 29. Bf3 Re8 30. Bg2 Kg8 31. Kg1 Qe7 32. Kh2 Qd8 33. Kg1 Re5 34. Kh2 h6 35. Kg1 Qe7 36. Kh2 Kf8 37. Kg1 Ke8 38. Qd1 Kd8 39. Qf3 Kc8 40. Qd3 Kb8 41. Qc2 Qf7 42. Qd1 Qg6 43. Qd3 Qe8 44. Kh2 Ka8 45. Kg1 Qb8 46. Kh2 Qa7 47. Qd1 Qc5 48. Qc2 Ka7 49. Qd1 c6 50. Qd2 Kb6 51. Qc2 Kc7 52. Qd2 Be8 53. Qd1 Bh5 54. Qd2 Bg6 55. Qd1 Bxe4 56. Qg4 g5 57. Rxe4 Raxe4 58. Qf3 gxh4 59. Qxf6 hxg3+ 60. Kxg3 Qxd5 61. Bxe4 Qxe4 62. Qg7+ Kb6 63. Qxh6 Qe3+ 64. Qxe3+ Rxe3+ 65. Kf4 Re5 66. Rd2 Kc5 67. b4+ Kc4 68. Rxd6 Re7 69. Rd1 Kxc3 0-1


[Site "https://www.chess.com"]

[Event "Titled Tuesday Blitz March 22 Early 2022"]
[White "Kouskoutis, Georgios-Alexandros"]
[Black "Araujo Filho, Luiz Antonio Coel"]
[WhiteFideId "4234049"]
[BlackFideId "2130661"]
[WhiteElo "2130"]
[BlackElo "2219"]
[Result "1-0"]
[Round "01"]
[TimeControl "180+1"]
[Date "2022.03.22"]
[WhiteClock "0:02:48"]
[BlackClock "0:02:43"]

1. c4 f5 2. g3 Nf6 3. Bg2 g6 4. Nc3 Bg7 5. d3 O-O 6. e3 e5 7. Nge2 d6 8. O-O c6 9. Rb1 Qe7 10. b4 Nbd7 11. b5 c5 12. a4 b6 13. Bxa8 1-0


[Site "https://www.chess.com"]

[Event "Titled Tuesday Blitz March 22 Early 2022"]
[White "Kovanova, Baira"]
[Black "Tari, Aryan"]
[WhiteFideId "4164083"]
[BlackFideId "1510045"]
[WhiteElo "2190"]
[BlackElo "2567"]
[Result "0-1"]
[Round "01"]
[TimeControl "180+1"]
[Date "2022.03.22"]
[WhiteClock "0:00:30"]
[BlackClock "0:01:53"]

1. e4 c5 2. Nf3 e6 3. d4 cxd4 4. Nxd4 Nc6 5. Nc3 Qc7 6. a3 a6 7. Nxc6 bxc6 8. Qf3 d5 9. Bd3 Nf6 10. Qg3 Qxg3 11. hxg3 Be7 12. Bf4 Nd7 13. exd5 cxd5 14. O-O O-O 15. Rfe1 Bf6 16. Bd6 Rd8 17. Na4 Bb7 18. Rab1 g6 19. c4 Bc6 20. Nc5 dxc4 21. Bxc4 Nb6 22. Ne4 Bxe4 0-1


[Site "https://www.chess.com"]

[Event "Titled Tuesday Blitz March 22 Early 2022"]
[White "Kowalczyk, Pawel"]
[Black "Kupervaser, Erez"]
[WhiteFideId "1130641"]
[BlackFideId "2814587"]
[WhiteElo "2344"]
[BlackElo "1763"]
[Result "1-0"]
[Round "01"]
[TimeControl "180+1"]
[Date "2022.03.22"]
[WhiteClock "0:00:20"]
[BlackClock "0:00:03"]

1. e4 c5 2. d4 Nc6 3. d5 Ne5 4. f4 Ng6 5. Nf3 d6 6. f5 Ne5 7. Nxe5 dxe5 8. Nc3 g6 9. Qf3 Nf6 10. Bg5 Bg7 11. Bc4 a6 12. a4 Bd7 13. O-O Qa5 14. d6 h6 15. Bxf6 exf6 16. Nd5 O-O-O 17. c3 Bc6 18. b4 Bxd5 19. bxa5 Bxc4 20. Rfd1 Rd7 21. Rab1 Kb8 22. Qe3 Rc8 23. Rb6 g5 24. Kf2 Ka8 25. Kg3 h5 26. h3 Bf8 27. Kf2 h4 28. Kf3 Bh6 29. Kf2 Bf8 30. Qf3 Rcd8 31. Qh5 Bxd6 32. Qh6 Be7 33. Rxd7 Rxd7 34. Ke1 Ka7 35. Rxf6 Bb3 36. Rb6 Bxa4 37. f6 Bd8 38. Qxg5 Bxb6 39. axb6+ Kxb6 40. Qxe5 a5 41. c4 Bc6 42. Qb2+ Ka7 43. e5 Rd4 44. Kf2 Bd7 45. g4 hxg3+ 46. Kxg3 Rd3+ 47. Kf4 Bxh3 48. Qb1 Rd8 49. Qa1 b6 50. Kg5 Be6 51. Kh6 Rg8 52. Kh7 Rg5 53. Kh6 Rg6+ 54. Kh5 Rg4 55. Qe1 Rxc4 56. Qd2 Rd4 57. Qc3 Rd5 58. Kh6 a4 59. Kg7 b5 60. Qa5+ Kb7 61. Qxb5+ Kc7 62. Qa5+ Kb7 63. Qb5+ Kc7 64. Qxa4 Rxe5 65. Qf4 Kd6 66. Kf8 Kd5 67. Qd2+ Kc6 68. Qa5 Rd5 69. Qa6+ Kd7 70. Qb5+ Kd6 71. Ke8 Ke5 72. Qb2+ Rd4 73. Qc3 Kd5 74. Ke7 c4 75. Qa5+ Ke4 76. Qe1+ Kf5 77. Qf2+ Rf4 78. Qc5+ Kg4 79. Kf8 Bf5 80. Kxf7 Kg5 81. Ke7 Kg6 82. Qg1+ Rg4 83. Qa1 1-0


[Site "https://www.chess.com"]

[Event "Titled Tuesday Blitz March 22 Early 2022"]
[White "Kozak, Adam"]
[Black "Ronka, Erik"]
[WhiteFideId "753246"]
[BlackFideId "505080"]
[WhiteElo "2459"]
[BlackElo "2264"]
[Result "0-1"]
[Round "01"]
[TimeControl "180+1"]
[Date "2022.03.22"]
[WhiteClock "0:00:36"]
[BlackClock "0:00:12"]

1. Nf3 d5 2. g3 Nf6 3. Bg2 Bg4 4. O-O Nbd7 5. c4 c6 6. d4 e6 7. h3 Bh5 8. cxd5 cxd5 9. Nc3 Be7 10. Ne5 O-O 11. f4 Bg6 12. g4 Ne4 13. Nxg6 hxg6 14. Nxe4 dxe4 15. Bxe4 Rb8 16. e3 g5 17. f5 Nf6 18. Bg2 Qd6 19. e4 e5 20. Bxg5 exd4 21. Bf4 Qb6 22. Bxb8 Rxb8 23. e5 Ne8 24. Kh1 Rd8 25. Qd3 Qc5 26. Rae1 b5 27. f6 gxf6 28. exf6 Nxf6 29. Rf5 Qc7 30. Ref1 Rd6 31. g5 Nh7 32. h4 f6 33. Qg3 fxg5 34. hxg5 Rh6+ 35. gxh6+ Qxg3 36. R5f3 Qh4+ 37. Rh3 Qg5 38. Be4 Kh8 39. Rf7 Qc1+ 40. Kg2 Qd2+ 41. Rf2 Qg5+ 42. Kh1 Nf6 43. Bd3 Ng4 44. Rf7 Qc1+ 45. Rf1 Qd2 46. Rhf3 Qh2# 0-1


[Site "https://www.chess.com"]

[Event "Titled Tuesday Blitz March 22 Early 2022"]
[White "Krylov, Ivan"]
[Black "Kozak, Antoni"]
[WhiteFideId "24128066"]
[BlackFideId "21832030"]
[WhiteElo "2258"]
[BlackElo "2236"]
[Result "0-1"]
[Round "01"]
[TimeControl "180+1"]
[Date "2022.03.22"]
[WhiteClock "0:00:02"]
[BlackClock "0:00:17"]

1. e4 c5 2. Nf3 d6 3. c3 Nf6 4. h3 e5 5. Bd3 Nc6 6. Bc2 d5 7. d3 h6 8. O-O Bd6 9. Nbd2 O-O 10. exd5 Nxd5 11. Ne4 Be7 12. Re1 f5 13. Ned2 Bf6 14. Nc4 Re8 15. a4 b6 16. Bd2 Bb7 17. Qc1 Qd7 18. a5 Rad8 19. axb6 axb6 20. Ba4 e4 21. dxe4 fxe4 22. Nh2 h5 23. Ne3 Nf4 24. Rd1 Nd3 25. Qb1 Bh4 26. Be1 Qf7 27. Qc2 Kh8 28. Bb3 Qg6 29. Rd2 Nce5 30. Ra7 Re7 31. Ba4 Rf8 32. Bb5 Nxe1 33. Qc1 N5d3 34. Qd1 Bxf2+ 35. Kh1 Bxe3 36. Re2 Bf2 37. Bxd3 Qxg2# 0-1


[Site "https://www.chess.com"]

[Event "Titled Tuesday Blitz March 22 Early 2022"]
[White "Krzywda, Andrzej"]
[Black "Kosteniuk, Alexandra"]
[WhiteFideId "1114565"]
[BlackFideId "4128125"]
[WhiteElo "2098"]
[BlackElo "2469"]
[Result "0-1"]
[Round "01"]
[TimeControl "180+1"]
[Date "2022.03.22"]
[WhiteClock "0:00:07"]
[BlackClock "0:00:19"]

1. Nf3 Nf6 2. d4 b6 3. g3 Bb7 4. Bg2 e6 5. O-O Be7 6. c4 O-O 7. Nc3 Ne4 8. Qc2 Nxc3 9. Qxc3 Be4 10. b3 d6 11. Bb2 Nd7 12. Rfd1 f5 13. Rac1 a5 14. Ne1 Bg5 15. e3 Rf7 16. a3 Bf6 17. Qd2 Bxg2 18. Kxg2 g5 19. Nd3 Qf8 20. Qe2 Re8 21. Qf3 Bg7 22. Qc6 Nb8 23. Qb7 h5 24. f4 h4 25. fxg5 hxg3 26. hxg3 Qe7 27. Nf4 Qxg5 28. Rh1 e5 29. Rh5 Qg4 30. Rh4 Qg5 31. Rh5 Qd8 32. Nd5 c6 33. Qa8 cxd5 34. Qxd5 Qf6 35. Rch1 Qe6 36. dxe5 Qxd5+ 37. cxd5 dxe5 38. Rf1 Ref8 39. Rg5 Nd7 40. Rg6 Rf6 41. Rg5 Rd6 42. Rd1 Rf7 43. b4 axb4 44. axb4 b5 45. Rc1 Rxd5 46. Kh3 Rd6 47. Rc7 Kh7 48. Rh5+ Rh6 49. Rxh6+ Kxh6 50. Kh4 Bf6+ 51. Kh3 Kg6 52. g4 e4 53. Bxf6 Kxf6 54. gxf5 Kxf5 55. Kg3 Rg7+ 56. Kf2 Ke6 57. Ke2 Rg2+ 58. Kf1 Rb2 59. Rc6+ Kd5 60. Rc7 Kd6 61. Rc8 Rxb4 62. Ke2 Rc4 63. Rb8 Nxb8 0-1


[Site "https://www.chess.com"]

[Event "Titled Tuesday Blitz March 22 Early 2022"]
[White "Lazavik, Denis"]
[Black "Sztokbant, Bernardo Vainzoff"]
[WhiteFideId "13515110"]
[BlackFideId "2115956"]
[WhiteElo "2437"]
[BlackElo "2237"]
[Result "0-1"]
[Round "01"]
[TimeControl "180+1"]
[Date "2022.03.22"]
[WhiteClock "0:00:12"]
[BlackClock "0:00:08"]

1. d4 d5 2. c4 dxc4 3. Nf3 Nf6 4. e3 e6 5. Bxc4 c5 6. O-O Nc6 7. Nc3 Be7 8. dxc5 Qxd1 9. Rxd1 Bxc5 10. Bd2 O-O 11. Rac1 Rd8 12. Be1 Bd7 13. Nd2 Be8 14. Be2 Be7 15. Nde4 Rac8 16. f4 Nxe4 17. Nxe4 Nb4 18. Rxc8 Rxc8 19. a3 Nd5 20. Bd2 Bc6 21. Nc3 Nf6 22. Kf2 Kf8 23. g4 h6 24. Bf3 Ke8 25. Bxc6+ Rxc6 26. Kf3 Nd7 27. Be1 Nb6 28. Nb5 a6 29. Nd4 Rc8 30. h4 Nc4 31. Rc1 Ne5+ 32. fxe5 Rxc1 33. Bf2 Rb1 34. b4 Ra1 35. b5 Rxa3 36. bxa6 bxa6 37. h5 Bc5 38. Nc6 a5 39. Ke4 Kd7 40. Nb8+ Kc8 41. Nc6 Kc7 42. Nd4 a4 43. Nb5+ Kc6 44. Nxa3 Bxa3 45. Kd4 Bb2+ 46. Kc4 Bxe5 47. Kb4 Kd5 48. Kxa4 Ke4 49. Kb5 Kf3 50. Be1 Kxg4 51. Kc6 Kxh5 52. Kd7 Kg6 53. Ke8 h5 54. e4 Bf6 55. Kf8 h4 56. Bf2 h3 57. Bg1 Be5 58. Kg8 h2 59. Bxh2 Bxh2 60. e5 Bxe5 0-1


[Site "https://www.chess.com"]

[Event "Titled Tuesday Blitz March 22 Early 2022"]
[White "Li, Hui"]
[Black "Vogel, Roven"]
[WhiteFideId "15400310"]
[BlackFideId "12908088"]
[WhiteElo "1954"]
[BlackElo "2516"]
[Result "0-1"]
[Round "01"]
[TimeControl "180+1"]
[Date "2022.03.22"]
[WhiteClock "0:00:01"]
[BlackClock "0:01:16"]

1. e4 e5 2. Nf3 Nc6 3. Bb5 a6 4. Ba4 Nf6 5. O-O Be7 6. Re1 b5 7. Bb3 O-O 8. c3 d5 9. exd5 Nxd5 10. Nxe5 Nxe5 11. Rxe5 c6 12. d3 Bd6 13. Re1 Bf5 14. Qf3 Re8 15. Rxe8+ Qxe8 16. Nd2 Qe1+ 17. Nf1 Bg6 18. Bxd5 cxd5 19. Qxd5 Rd8 20. Bg5 Qxa1 21. Bxd8 Bf8 22. h4 h5 23. Qa8 Bxd3 24. Be7 Qxf1+ 25. Kh2 Qxf2 26. Qxf8+ Kh7 27. Qa8 Qxb2 28. Qf3 Bg6 29. a3 a5 30. Qg3 Qd2 31. Bg5 Qd5 32. Qe3 Qd6+ 33. Bf4 Qxa3 34. Qe5 b4 35. cxb4 Qxb4 36. Qd6 Qc4 37. Be5 Qxh4+ 0-1


[Site "https://www.chess.com"]

[Event "Titled Tuesday Blitz March 22 Early 2022"]
[White "Li, Xueyi"]
[Black "Tristan, Leonardo"]
[WhiteFideId "8605912"]
[BlackFideId "113816"]
[WhiteElo "2091"]
[BlackElo "2404"]
[Result "1-0"]
[Round "01"]
[TimeControl "180+1"]
[Date "2022.03.22"]
[WhiteClock "0:00:14"]
[BlackClock "0:00:07"]

1. d4 d5 2. c4 e6 3. Nf3 Nf6 4. g3 Be7 5. Bg2 O-O 6. O-O dxc4 7. Qc2 a6 8. a4 Bd7 9. Rd1 Nc6 10. Qxc4 b5 11. Qb3 Na5 12. Qc2 bxa4 13. Bg5 Nb3 14. Ra2 Rb8 15. Nc3 Rb4 16. e3 Bb5 17. Ne5 Qe8 18. Nxb5 Qxb5 19. Qxc7 Nd5 20. Bxd5 Bxg5 21. Bc4 Qb8 22. Qxb8 Rfxb8 23. Nc6 Rxc4 24. Nxb8 a5 25. Na6 Be7 26. d5 exd5 27. Rxd5 g5 28. Rd7 Bf6 29. Nc7 Rc1+ 30. Kg2 g4 31. Nd5 Be5 32. Rxa4 h5 33. Nf4 Bxb2 34. Nxh5 Rc5 35. Rxg4+ Kf8 36. Nf4 Bf6 37. Nd5 Rc6 38. Rf4 Nc5 39. Nxf6 Nxd7 40. Nxd7+ Ke7 41. Rxf7+ Ke6 42. Rh7 a4 43. Nf8+ Kd5 44. Ra7 Rc4 45. h4 Kc5 46. h5 Kb6 47. Ra8 Kb7 48. Rd8 Rc5 49. g4 Ra5 50. Rd1 Ra6 51. f4 Kc7 52. g5 a3 53. h6 a2 54. Ra1 Ra8 55. Ne6+ Kd6 56. f5 Ke5 57. e4 Kxe4 58. f6 Kf5 59. Re1 a1=Q 60. Rxa1 Rxa1 61. f7 Ra2+ 62. Kf1 Ra1+ 63. Ke2 Kg6 64. f8=Q Ra2+ 65. Kd3 Ra3+ 66. Qxa3 Kh5 67. h7 Kg6 68. h8=Q Kf5 69. Qf6+ Kg4 70. Qb4+ Kh5 71. Qh6# 1-0


[Site "https://www.chess.com"]

[Event "Titled Tuesday Blitz March 22 Early 2022"]
[White "Ljukin, Sergei"]
[Black "Abdrlauf, Elham"]
[WhiteFideId "14102200"]
[BlackFideId "1533533"]
[WhiteElo "2312"]
[BlackElo "2334"]
[Result "1-0"]
[Round "01"]
[TimeControl "180+1"]
[Date "2022.03.22"]
[WhiteClock "0:00:11"]
[BlackClock "0:00:05"]

1. e4 g6 2. d4 Bg7 3. Nc3 d6 4. f4 Nf6 5. Nf3 O-O 6. Be3 c6 7. Bd3 b5 8. O-O b4 9. Ne2 Ba6 10. Kh1 d5 11. e5 Ne4 12. a3 Bxd3 13. cxd3 bxa3 14. Rxa3 f5 15. dxe4 fxe4 16. Nd2 Nd7 17. Nb3 Qb6 18. Qc2 g5 19. Nc5 Nxc5 20. dxc5 Qb5 21. Rfa1 gxf4 22. Bxf4 a5 23. Nd4 Qb7 24. Ne6 Rxf4 25. Nxf4 Bxe5 26. Ne2 Qxb2 27. Qxb2 Bxb2 28. Rxa5 Rf8 29. Rb1 Be5 30. Ng3 e3 31. Ra7 Rf7 32. Kg1 d4 33. Rf1 Bxg3 34. Rxf7 Kxf7 35. hxg3 d3 36. Rd7 d2 37. Kf1 Ke6 38. Rd8 Ke5 39. Ke2 Ke4 40. Rd3 d1=Q+ 41. Rxd1 Kf5 42. Rd3 Kg4 43. Rxe3 1-0


[Site "https://www.chess.com"]

[Event "Titled Tuesday Blitz March 22 Early 2022"]
[White "Lou, Yiping"]
[Black "Rengifo Blancas, Renzo Jhonathan"]
[WhiteFideId "8603928"]
[BlackFideId "3807185"]
[WhiteElo "2412"]
[BlackElo "2058"]
[Result "1-0"]
[Round "01"]
[TimeControl "180+1"]
[Date "2022.03.22"]
[WhiteClock "0:01:12"]
[BlackClock "0:00:05"]

1. e4 c6 2. d4 d5 3. e5 Bf5 4. h4 h5 5. c4 e6 6. Nc3 Nh6 7. Bxh6 Rxh6 8. cxd5 exd5 9. Bd3 Bxd3 10. Qxd3 Rg6 11. g3 Qa5 12. Ne2 Nd7 13. Nf4 Rh6 14. O-O Be7 15. a3 Nf8 16. b4 Qd8 17. b5 Ne6 18. Nce2 Qd7 19. bxc6 bxc6 20. Rab1 Kf8 21. Rfc1 Kg8 22. Rc3 c5 23. dxc5 Nxc5 24. Qxd5 Rd8 25. Rxc5 Bxc5 26. Qxc5 Rc6 27. Qe3 g6 28. e6 Qe7 29. exf7+ Qxf7 30. Nd4 Re8 31. Qb3 Rb6 32. Qxf7+ Kxf7 33. Rxb6 axb6 34. Kg2 Ra8 35. Nc2 Rc8 36. Nb4 Rc3 37. Nfd5 Rxa3 38. Nxb6 Rb3 39. N6d5 Rb2 40. Nd3 Rd2 41. N5f4 Kg7 42. Ne5 Kf6 43. Nexg6 Kf5 44. Ne7+ Kf6 45. Ned5+ Kf5 46. Ne3+ Kf6 47. Nxh5+ Ke5 48. Nf4 Ke4 49. h5 Rd8 50. Ne6 Rh8 51. g4 Ke5 52. Ng5 Kf4 53. Nh3+ Ke4 54. Kg3 Rf8 55. Ng5+ Ke5 56. Ng2 Rg8 57. f4+ Kf6 58. Ne4+ Ke6 59. g5 Kf5 60. Nf6 Ra8 61. Nh4+ Ke6 62. h6 Kf7 63. Kg4 Ra5 64. Ne4 Kg8 65. g6 Ra4 66. Ng5 Kh8 67. Nf7+ Kg8 68. h7+ Kg7 69. h8=Q# 1-0


[Site "https://www.chess.com"]

[Event "Titled Tuesday Blitz March 22 Early 2022"]
[White "Mangialardo, Tiago Carvalho"]
[Black "Hnydiuk, Aleksander"]
[WhiteFideId "2130718"]
[BlackFideId "1109057"]
[WhiteElo "2088"]
[BlackElo "2374"]
[Result "0-1"]
[Round "01"]
[TimeControl "180+1"]
[Date "2022.03.22"]
[WhiteClock "0:00:03"]
[BlackClock "0:01:36"]

1. e4 Nf6 2. Nc3 e5 3. Nf3 Nc6 4. Bc4 Nxe4 5. Bxf7+ Kxf7 6. Nxe4 d5 7. Neg5+ Kg8 8. d3 h6 9. Nh3 Bxh3 10. gxh3 Qd7 11. Bd2 Bc5 12. Qe2 Re8 13. O-O-O Kh7 14. Rhg1 Rhf8 15. Nh4 Rxf2 16. Qh5 Qf7 17. Rg6 Re6 18. Rxe6 Qxh5 19. Rg1 0-1


[Site "https://www.chess.com"]

[Event "Titled Tuesday Blitz March 22 Early 2022"]
[White "Manolache, Marius"]
[Black "Kulkarni, Rakesh"]
[WhiteFideId "1201530"]
[BlackFideId "5037077"]
[WhiteElo "2389"]
[BlackElo "2246"]
[Result "1-0"]
[Round "01"]
[TimeControl "180+1"]
[Date "2022.03.22"]
[WhiteClock "0:00:34"]
[BlackClock "0:00:14"]

1. d4 c5 2. d5 e5 3. c4 d6 4. Nc3 f5 5. e4 Nf6 6. exf5 Bxf5 7. Nge2 Be7 8. Ng3 Bg6 9. Bd3 Bxd3 10. Qxd3 O-O 11. O-O Na6 12. h3 Qd7 13. Bd2 Rae8 14. Rae1 Bd8 15. a3 Ba5 16. Re2 Bxc3 17. Bxc3 Nc7 18. Ne4 Nxe4 19. Rxe4 Re7 20. f4 Ref7 21. Bd2 Ne8 22. b4 b6 23. b5 Nf6 24. Ree1 exf4 25. Bxf4 Nh5 26. Bh2 Nf4 27. Qe4 g5 28. Rf3 Qf5 29. Qxf5 Rxf5 30. Bxf4 Rxf4 31. Re6 Rxf3 32. gxf3 Rxf3 33. Rxd6 Rxh3 34. Rd8+ Kf7 35. Rd7+ Kf6 36. Rxa7 h5 37. a4 Rc3 38. a5 bxa5 39. d6 Rxc4 40. d7 Ke7 41. b6 Rb4 42. b7 Rb1+ 43. Kf2 Rb2+ 44. Ke3 Rb3+ 45. Ke4 Rb4+ 46. Kd5 Rd4+ 47. Kxc5 Rxd7 48. b8=Q Rxa7 49. Qxa7+ 1-0


[Site "https://www.chess.com"]